 Dungeon Sprint DCSS version 0.28-a0-1510-gd0f6b136d3 (webtiles) character file.

Game seed: 903258493410814187

60 mhtbhm the Shield-Bearer (level 3, -1/36 HPs)
             Began as a Minotaur Fighter on Jan 15, 2022.
             Was a Priest of Qazlal.
             Slain by a gnoll sergeant (6 damage)
             ... in the Dungeon (Sprint VII: "The Pits").
             The game lasted 00:00:39 (291 turns).

mhtbhm the Shield-Bearer (Minotaur Fighter)          Turns: 291, Time: 00:00:40

Health: -1/36      AC:  7    Str: 22    XL:     3   Next: 82%
Magic:  4/4        EV:  9    Int:  5    God:    Qazlal [***...]
Gold:   0          SH:  8    Dex:  9    Spells: 2/2 levels left

rFire   . . .      SeeInvis .   a - +2 hand axe
rCold   . . .      Faith    .   c - +0 buckler
rNeg    . . .      Spirit   .   b - +0 scale mail
rPois   .          Reflect  .   (helmet restricted)
rElec   .          Harm     .   (no cloak)
rCorr   .          Rampage  .   (no gloves)
Will    .....      NoTele   +   (no boots)
Stlth   ..........              (no amulet)
HPRegen 0.12/turn               (no ring)
MPRegen 0.09/turn               (no ring)

@: no status effects
A: horns 2, retaliatory headbutt
a: Renounce Religion, Upheaval, Elemental Force


You were in the Dungeon.
You worshipped Qazlal.
Qazlal was most pleased with you.
You visited 1 branch

Inventory:

Hand Weapons
 a - a +2 hand axe (weapon)
Armour
 b - a +0 scale mail (worn)
 c - a +0 buckler (worn)
Scrolls
 j - a scroll of blinking
 l - 5 scrolls of amnesia
 m - a scroll of summoning
Potions
 d - a potion of might
 e - a potion of curing
 g - a potion of haste
 h - 4 potions of magic
 i - 3 potions of berserk rage
 k - 2 potions of invisibility


   Skills:
 + Level 5.3 Fighting
 + Level 5.0 Axes
 + Level 5.3 Armour
 + Level 0.1 Dodging
 + Level 0.3 Stealth
 + Level 5.3 Shields
 * Level 2.8 Invocations


You had 2 spell levels left.
You didn't know any spells.
Your spell library was empty.

Dungeon Overview and Level Annotations

Branches:
Dungeon (1/1)

Altars:
Ashenzari
Cheibriados
Dithmenos
Elyvilon
Fedhas
Gozag
Hepliaklqana
Kikubaaqudgha
Makhleb
Nemelex Xobeh
Okawaru
Qazlal
Ru
Sif Muna
Trog
Uskayaw
Vehumet
Wu Jian
Xom
Yredelemnul
Zin
The Shining One
Beogh
Jiyva
Lugonu


Innate Abilities, Weirdness & Mutations

You have a pair of horns on your head.
You reflexively headbutt those who attack you in melee.


Message History

You hit the gnoll. Your headbutt misses the gnoll.
The gnoll is almost dead.
The gnoll hits you with a +0 club. The gnoll sergeant closely misses you.
You hit the gnoll.
You kill the gnoll!
Qazlal accepts your kill.
You can now give life to nearby clouds.
The gnoll sergeant closely misses you. You block the ball python's attack.
The ball python barely misses you.
The gnoll hits you from afar with a +0 spear.
You barely miss the ball python. Your headbutt misses the ball python.
You block the gnoll sergeant's attack. The ball python barely misses you.
The ball python grabs you. The ball python constricts you.
The gnoll hits you from afar with a +0 spear.
You closely miss the ball python. The ball python bites you.
The ball python constricts you. The gnoll sergeant barely misses you.
The gnoll hits you from afar with a +0 spear.
You barely miss the ball python. You block the ball python's attack.
The ball python constricts you.
The gnoll sergeant hits you from afar with a +0 spear.
The gnoll hits you but does no damage. You block the ball python's attack.
The ball python constricts you.
You slash the ball python!
You kill the ball python!
Qazlal accepts your kill.
The gnoll sergeant hits you from afar with a +0 spear.
The gnoll closely misses you.
Your Axes skill increases to level 5!
You block the gnoll sergeant's attack. You block the gnoll's attack.
Items here: ))))) ††††.
You hit the gnoll sergeant.
The gnoll sergeant is almost dead.
You hit the gnoll.
The gnoll sergeant hits you with a +0 spear.
* * * LOW HITPOINT WARNING * * *
You block the gnoll's attack. The gnoll sergeant blocks your attack.
The gnoll sergeant is severely wounded.
You hit the gnoll.
The gnoll sergeant hits you with a +0 spear.
You die...

##########'##...........
#.?(.')))'.##......#..#.
##########.##...........
#...........'...........
#+#####†#####......#..#.
#g #...'.##...........
#..#...#.#####'#####++
#..#####.##.......#
#..g...#@##.......#
#..'..)gg##.......#
#..########...<...# #.
#.......# # #.......#
#.......# #########


You could see a gnoll sergeant and a gnoll.

Vanquished Creatures
  5 gnolls (D)
  An adder zombie (D)
  A ball python (D)
  A goblin (D)
  2 jackals (D)
  A quokka (D)
  A ball python zombie (D)
12 creatures vanquished.

Notes
Turn   | Place    | Note
-------+----------+-------------------------------------------
     0 | D        | mhtbhm the Minotaur Fighter began the quest for the Orb.
     0 | D        | Reached XP level 1. HP: 19/19 MP: 0/0
    25 | D        | Found a bloodstained altar of Trog.
    25 | D        | Found a shimmering blue altar of Sif Muna.
    25 | D        | Found a viscous altar of Jiyva.
    25 | D        | Found a hazy altar of Hepliaklqana.
    25 | D        | Found an opulent altar of Gozag.
    26 | D        | Found a glowing golden altar of the Shining One.
    26 | D        | Found a glowing silver altar of Zin.
    26 | D        | Found a basalt altar of Yredelemnul.
    26 | D        | Found a shimmering altar of Xom.
    26 | D        | Found an ornate altar of the Wu Jian Council.
    26 | D        | Found a sacrificial altar of Ru.
    26 | D        | Found a stormy altar of Qazlal.
    26 | D        | Found an iron altar of Okawaru.
    26 | D        | Found a sparkling altar of Nemelex Xobeh.
    26 | D        | Found a burning altar of Makhleb.
    26 | D        | Found a blossoming altar of Fedhas.
    26 | D        | Found a white marble altar of Elyvilon.
    26 | D        | Found a shadowy altar of Dithmenos.
    26 | D        | Found a snail-covered altar of Cheibriados.
    28 | D        | Found a radiant altar of Vehumet.
    28 | D        | Found a corrupted altar of Lugonu.
    29 | D        | Found a hide-covered altar of Uskayaw.
    29 | D        | Found an ancient bone altar of Kikubaaqudgha.
    29 | D        | Found a broken altar of Ashenzari.
    35 | D        | Became a worshipper of Qazlal Stormbringer
   141 | D        | Reached * piety under Qazlal
   145 | D        | Reached skill level 1 in Invocations
   145 | D        | Reached XP level 2. HP: 18/28 MP: 1/1
   255 | D        | Noticed a gnoll sergeant
   263 | D        | Reached ** piety under Qazlal
   267 | D        | Reached skill level 5 in Fighting
   267 | D        | Reached skill level 5 in Armour
   267 | D        | Reached skill level 5 in Shields
   267 | D        | Reached XP level 3. HP: 25/36 MP: 3/3
   284 | D        | Reached *** piety under Qazlal
   289 | D        | Reached skill level 5 in Axes
   291 | D        | Slain by a gnoll sergeant

Illustrated notes

Levels and vault maps discovered:
D:        pitsprint [storerooms_1, entrance_room_1, metal_vault_5, armoury_3,
          mini_pit_1, grid_room_1, main_hall_1, silver_pit, the_coven_3,
          the_vestibule_1, steel_vault_3, golden_pit, hallway_of_sentries,
          crystal_vault_2, iron_vault_4, final_vault]

Skill      XL: |  1  2  3 |
---------------+----------+-----
Fighting       | 4 5 |  5.3
Armour         | 4 5 |  5.3
Shields        | 4 5 |  5.3
Invocations    | 1 2 |  2.8
Axes           | 4 5 |  5.0
Dodging        | |  0.1
Stealth        | |  0.3

Action                   || total
-------------------------++-------
Melee: Hand axe          ||    41
       War axe           ||     8
       Headbutt          ||     9
  Use: Potion            ||     1
Armor: Scale mail        ||    15
Dodge: Dodged            ||    24
Block: Buckler           ||    23

Table legend: (Time is in decaauts)
 A = Elapsed time spent in this place.
 B = Non-inter-level travel time spent in this place.
 C = Inter-level travel time spent in this place.
 D = Time resting spent in this place.
 E = Time spent auto-exploring this place.
 F = Levels seen in this place.
 G = Mean time per level.
                   A        B        C        D        E       F      G
               +--------+--------+--------+--------+--------+-----+--------+
         Total |    300 |    300 |      0 |    144 |      0 |   1 |  300.0 |
       Dungeon |    300 |    300 |      0 |    144 |      0 |   1 |  300.0 |
               +--------+--------+--------+--------+--------+-----+--------+

Top non-repeatable levels by time:
       D: 300 daAuts
